 Dungeon Crawl Stone Soup version 0.22-a0-283-g1871b15 (webtiles) character file.

1187 matakusis the Summoner (level 8, 0/41 HPs)
             Began as a Deep Elf Summoner on Mar 19, 2018.
             Was a Believer of Sif Muna.
             Slain by a troll (4 damage)
             ... on level 7 of the Dungeon.
             The game lasted 00:27:24 (6685 turns).

matakusis the Summoner (Deep Elf Summoner)          Turns: 6685, Time: 00:27:25

Health: 0/41       AC:  4    Str:  5    XL:     8   Next: 19%
Magic:  0/21       EV: 13    Int: 23    God:    Sif Muna [**....]
Gold:   430        SH:  0    Dex: 15    Spells: 11/21 levels left

rFire    . . .     SeeInvis +   e - +1 dagger (protect)
rCold    . . .     Gourm    .   (no shield)
rNeg     . . .     Faith    .   a - +1 robe
rPois    .         Spirit   +   (no helmet)
rElec    .         Reflect  .   q - scarf {Spirit}
rCorr    .         Harm     .   t - +0 pair of gloves
MR       .....                  (no boots)
Stlth    ++........             h - amulet of the acrobat
HPRegen  0.13/turn              j - ring of wizardry
MPRegen  0.17/turn              x - ring of see invisible

@: no status effects
A: no striking features
a: Divine Energy, Renounce Religion


You were on level 7 of the Dungeon.
You worshipped Sif Muna.
Sif Muna was pleased with you.
You were hungry.

You visited 2 branches of the dungeon, and saw 8 of its levels.

You collected 430 gold pieces.

Inventory:

Hand Weapons
 e - a +1 dagger of protection (weapon)
Missiles
 s - 79 arrows
Armour
 a - a +1 robe (worn)
 p - the -2 shield of the Curious Seas {rF+++}
   (You found it on level 5 of the Dungeon)

   It renders you almost immune to fire.
 q - a scarf of spirit shield (worn)
 t - a +0 pair of gloves (worn)
Jewellery
 h - an amulet of the acrobat (around neck)
 j - a ring of wizardry (left hand)
 x - a ring of see invisible (right hand)
Wands
 f - a wand of flame (17)
 l - a wand of digging (16)
 n - a wand of iceblast (10)
 u - a wand of clouds (4)
 v - a wand of polymorph (15)
Scrolls
 i - a scroll of identify
 k - 2 scrolls of enchant armour
Potions
 b - 3 potions of flight
 g - a potion of invisibility
 o - a potion of might
 w - a potion of cancellation
Comestibles
 c - 8 rations


   Skills:
 - Level 2.4 Dodging
 - Level 2.4 Stealth
 + Level 7.4 Spellcasting
 * Level 9.1 Summonings
 * Level 3.9 Ice Magic
 - Level 1.0 Air Magic


You had 11 spell levels left.
You knew the following spells:

 Your Spells              Type           Power        Failure   Level  Hunger
b - Call Imp              Summ           ######..     1%          2    None
c - Summon Ice Beast      Ice/Summ       #####...     1%          4    ###....
d - Summon Lightning Spi  Summ/Air       ####....     3%          4    ###....


Dungeon Overview and Level Annotations

Branches:
Dungeon (7/15)             Temple (1/1) D:4

Altars:
Ashenzari
Dithmenos
Elyvilon
Fedhas
Gozag
Hepliaklqana
Kikubaaqudgha
Makhleb
Nemelex Xobeh
Okawaru
Ru
Sif Muna
Trog
Uskayaw
Vehumet
Wu Jian
Xom
Yredelemnul
Zin
The Shining One

Annotations:
D:7 Gorglomux's ghost, novice FoFi


Message History

The centaur shoots an arrow.
The arrow hits your lightning spire but does no damage.
You swap places.
The centaur shoots an arrow.
The arrow hits your lightning spire but does no damage.
The troll misses your ice beast.
The troll claws your ice beast but does no damage.
The troll claws your ice beast.
Your ice beast hits the troll.
Your ice beast freezes the troll!
Unknown command.
You feel better.
The centaur hits your lightning spire but does no damage.
Okay, then.
You feel better.
The centaur shoots an arrow.
The arrow hits your lightning spire but does no damage.
The troll bites you.
* * * LOW HITPOINT WARNING * * *
The troll claws you.
* * * LOW HITPOINT WARNING * * *
The troll claws you.
You die...

#.. #.# ##..# #.#
.....
..#.######.....
#...............
#>##.g.........#
######.#.......)..>#
#.YTY#.#......cn...#
#.##@#.#.......<...#
# #8#.#(.........(#
#.c...g.g...z...#
###)<#.z.....z.##
#...............
#...#.......z...#
..............z..#
#..#.####..........#
#..... ......


You could see a troll, a centaur, 2 friendly ice beasts and a friendly lightning
spire.

Vanquished Creatures
  An ooze (D:4)
  A worm (D:2)
  A dart slug (D:2)
  A leopard gecko (D:2)
  2 ball pythons
  A giant cockroach (D:7)
  2 goblins (D:1)
  A quokka (D:4)
  2 frilled lizards
12 creatures vanquished.

Vanquished Creatures (collateral kills)
  Pikel (D:7)
  A sky beast (D:5)
  An orc warrior (D:7)
  An ogre (D:6)
  3 centaurs
  Blork the orc (D:6)
  A gnoll sergeant (D:6)
  2 scorpions
  A wight (D:7)
  3 crimson imps (D:6)
  3 hounds
  5 orc wizards
  3 orc priests
  Natasha (thrice) (D:2)
  An iguana (D:4)
  6 worker ants
  7 gnolls
  9 adders
  A shadow imp (D:5)
  An adder zombie (D:6)
  2 adder skeletons
  A worm (D:2)
  A dart slug (D:1)
  3 leopard geckos
  35 orcs
  6 bats
  3 giant cockroaches
  5 hobgoblins
  10 jackals
  6 kobolds
  2 quokkas (D:3)
  A ball python (D:3)
  3 goblins
  A jackal skeleton (D:6)
  A quokka skeleton (D:5)
  5 rats
139 creatures vanquished.

Vanquished Creatures (others)
  Menkaure (D:7)
1 creature vanquished.

Grand Total: 152 creatures vanquished

Notes
Turn   | Place    | Note
-------+----------+-------------------------------------------
     0 | D:1      | matakusis the Deep Elf Summoner began the quest for the Orb.
     0 | D:1      | Reached XP level 1. HP: 10/10 MP: 6/6
   277 | D:1      | Reached XP level 2. HP: 15/15 MP: 5/8
   282 | D:1      | Learned a level 2 spell: Call Imp
   416 | D:1      | You fall through a shaft!
   424 | D:2      | Reached skill level 5 in Summonings
   792 | D:2      | Noticed Natasha
   795 | D:2      | Noticed a crimson imp
   798 | D:2      | Killed Natasha
   798 | D:2      | Reached XP level 3. HP: 18/19 MP: 1/9
   927 | D:2      | Noticed Natasha
   939 | D:2      | Killed Natasha
  1050 | D:2      | Noticed Natasha
  1066 | D:2      | Killed Natasha
  1136 | D:2      | Reached XP level 4. HP: 16/24 MP: 6/11
  1145 | D:2      | Learned a level 4 spell: Summon Ice Beast
  1198 | D:2      | Learned a level 4 spell: Summon Lightning Spire
  1215 | D:2      | Found a radiant altar of Vehumet.
  1303 | D:2      | Found a shattered altar of Ashenzari.
  1894 | D:3      | Reached skill level 6 in Summonings
  2297 | D:3      | Reached XP level 5. HP: 28/28 MP: 7/13
  2781 | D:4      | Found a shimmering altar of Xom.
  2781 | D:4      | Noticed an angel
  2794 | D:4      | Found a glowing silver altar of Zin.
  3620 | D:4      | Reached skill level 5 in Spellcasting
  3620 | D:4      | Reached skill level 1 in Ice Magic
  3627 | D:4      | Found a shadowy altar of Dithmenos.
  3734 | D:4      | Found a staircase to the Ecumenical Temple.
  3745 | Temple   | Entered the Ecumenical Temple
  3756 | Temple   | Became a worshipper of Sif Muna the Loreminder
  4238 | D:5      | Entered Level 5 of the Dungeon
  4254 | D:5      | Reached XP level 6. HP: 32/32 MP: 10/15
  4263 | D:5      | Reached skill level 7 in Summonings
  4534 | D:5      | Noticed a sky beast
  4550 | D:5      | Got a bloodstained shield
  4558 | D:5      | Identified the -2 shield of the Curious Seas {rF+++} (You found it on level 5 of the Dungeon)
  4576 | D:5      | Killed a sky beast
  5050 | D:6      | Reached XP level 7. HP: 36/36 MP: 9/17
  5116 | D:6      | Reached skill level 1 in Air Magic
  5319 | D:6      | Noticed Blork the orc
  5327 | D:6      | Reached * piety under Sif Muna
  5367 | D:6      | Killed Blork the orc
  5671 | D:6      | Reached skill level 8 in Summonings
  6112 | D:7      | Noticed Gorglomux's ghost (novice FoFi)
  6242 | D:7      | Noticed Pikel
  6251 | D:7      | Killed Pikel
  6251 | D:7      | Reached XP level 8. HP: 41/41 MP: 3/20
  6255 | D:7      | Noticed Menkaure
  6261 | D:7      | Killed Menkaure
  6397 | D:6      | Reached skill level 9 in Summonings
  6666 | D:7      | Reached ** piety under Sif Muna
  6675 | D:7      | Noticed a troll
  6685 | D:7      | Slain by a troll

Vault maps used:
D:1:      dpeg_arrival_castle
D:2:      minitemple, palyth_stone_intersect, uniq_natasha
D:4:      grunt_temple_overflow_order_and_chaos_1, old_standard_altar,
          temple_statues
D:5:      first_ration
D:6:      uniq_blork_the_orc
D:7:      kennysheep_little_box, serial_shops, shop, uniq_menkaure, uniq_pikel
Temple:   regret_index_temple_waves

Skill      XL: |  1  2  3  4  5  6  7  8 |
---------------+-------------------------+-----
Summonings     | 5 6 7 8 9 |  9.1
Spellcasting   | 4 5 7 |  7.4
Ice Magic      | 1 2 3 |  3.9
Air Magic      | 1 |  1.0
Dodging        | |  2.4
Stealth        | |  2.4

Action                   |  1- 3 |  4- 6 |  7- 9 || total
-------------------------+-------+-------+-------++-------
Melee: Dagger            |    51 |    31 |     4 ||    86
 Cast: Summon Small Mamm |     9 |       |       ||     9
       Call Imp          |    24 |    23 |     2 ||    49
       Summon Lightning  |       |    20 |    15 ||    35
       Summon Ice Beast  |       |    20 |    13 ||    33
  Use: Scroll            |     3 |     6 |     2 ||    11
       Potion            |       |     6 |     3 ||     9
 Stab: Distracted        |     1 |       |       ||     1
       Sleeping          |     1 |     1 |     1 ||     3
  Eat: Chunk             |     1 |    15 |     8 ||    24
       Ration            |       |     1 |       ||     1
Armor: Robe              |    15 |    23 |     2 ||    40
       Skin              |       |       |    14 ||    14
Dodge: Dodged            |    56 |    56 |    21 ||   133

Table legend:
 A = Spawn XP
 B = Non-spawn XP
 C = Spawn XP percentage of total XP
 D = Spawn monster count
 E = Non-spawn monster count
 F = Spawn count percentage of total count
 G = Total turns spent on level
                    A         B        C        D         E        F      G
               +---------+---------+-------+---------+---------+-------+---------
         Total |       0 |    1696 |   0.0 |       0 |     152 |   0.0 |  6685
               +---------+---------+-------+---------+---------+-------+---------
           D:1 |       0 |      16 |   0.0 |       0 |      13 |   0.0 |   686
           D:2 |       0 |     105 |   0.0 |       0 |      25 |   0.0 |  1161
           D:3 |       0 |      89 |   0.0 |       0 |      30 |   0.0 |   934
           D:4 |       0 |     136 |   0.0 |       0 |      19 |   0.0 |  1262
           D:5 |       0 |     346 |   0.0 |       0 |      31 |   0.0 |   805
           D:6 |       0 |     419 |   0.0 |       0 |      22 |   0.0 |  1451
           D:7 |       0 |     585 |   0.0 |       0 |      12 |   0.0 |   191
               +---------+---------+-------+---------+---------+-------+---------
